[Event "Early-Titled-Tuesday-Blitz-July-09-2024"]
[Site "Chess.com"]
[Date "2024.07.09"]
[Round "4"]
[White "Rakhmanov_Aleksandr"]
[Black "Prizant_academy"]
[Result "1-0"]
[WhiteElo "2858"]
[BlackElo "3017"]
[TimeControl "180+1"]
[EndTime "8:40:36 PDT"]
[Termination "Rakhmanov_Aleksandr won by resignation"]

1. c4 e5 2. Nf3 e4 3. Nd4 Nc6 4. e3 Nf6 5. Nc3 Bc5 6. Nde2 O-O 7. Ng3 Re8 8. a3 a5 9. Qc2 Qe7 10. Nd5 Qe5 11. Nxf6+ Qxf6 12. Nxe4 Qg6 13. d3 Ba7 14. Bd2 d6 15. O-O-O Be6 16. h4 h6 17. h5 Qf5 18.
Be2 d5 19. g4 Qe5 20. f4 Qxf4 21. cxd5 Qe5 22. dxe6 Qxe6 23. g5 hxg5 24. Nxg5 Qa2 25. d4 Nxd4 26. exd4 Rxe2 27. Rhf1 Qa1+ 28. Qb1 Qxb1+ 29.
Kxb1 Bxd4 30. Nxf7 Bf6 31. Nh6+ Kh7 32. Ng4 Bd4 33. Bc1 c5 34. h6 Rae8 35. hxg7 Kxg7 36. Bh6+ Kg6 37. Bc1 R8e4 38. Nh6 Bxb2 39. Rd6+ Re6 40. Rxe6+ Rxe6 41. Rg1+ Kh5 42. Rh1+ Kg6 43. Bxb2 Re4 44. Bc1 c4 45. Rg1+ Kf6 46. Ng4+ Ke6 47. Ne3 b5 48. Nc2 Kd5 49. Rg3 Kc6 50. Bd2 Kb6 51. Rg6+ Kc5 52.
Bxa5 1-0

[Event "Early-Titled-Tuesday-Blitz-July-09-2024"]
[Site "Chess.com"]
[Date "2024.07.09"]
[Round "4"]
[White "vi_pranav"]
[Black "IlanSchnaider"]
[Result "1-0"]
[WhiteElo "3026"]
[BlackElo "2839"]
[TimeControl "180+1"]
[EndTime "8:40:37 PDT"]
[Termination "vi_pranav won by checkmate"]

1. Nf3 Nf6 2. g3 g6 3. Bg2 Bg7 4. O-O O-O 5. c4 d5 6. cxd5 Nxd5 7. Nc3 Nc6 8. a3 Bf5 9. Re1 e5 10. e4 Nxc3 11. bxc3 Be6 12. d3 h6 13. Bb2 Qe7 14. Qc2 Rfd8 15. Rad1 Na5 16. Qb1 c5 17. c4 Nc6 18. Nd2 b6 19. Nf1 Bg4 20. f3 Be6 21.
Ne3 h5 22. Rf1 Nd4 23. Rde1 h4 24. Rf2 hxg3 25. hxg3 Qg5 26. Bxd4 exd4 27. Nf1 Rab8 28. f4 Qh6 29. Bf3 Bf6 30. Rh2 Qg7 31. Qd1 b5 32. cxb5 Rxb5 33. Bg4 Bb3 34. Qc1 Be7 35. Nd2 Ba2 36. Nc4 Rb1 37. Qxb1 Bxb1 38. Rxb1 f5 39. Bf3 g5 40. fxg5 Qxg5 41. exf5 Qxf5 42. Be4 Qg4 43. Ne5 Qg5 44. Ng6 Qxg3+ 45. Rg2 Qe3+ 46. Kh1 Qh3+ 47. Rh2 Qe6 48. Rf1 Bf6 49. Rh6 Bg7 50. Rh5 Re8 51. Nf4 Qe7 52. Bd5+ Kf8 53. Ng6# 1-0

[Event "Early-Titled-Tuesday-Blitz-July-09-2024"]
[Site "Chess.com"]
[Date "2024.07.09"]
[Round "4"]
[White "kacperkarwowski"]
[Black "RandomNoob04"]
[Result "0-1"]
[WhiteElo "2547"]
[BlackElo "2761"]
[TimeControl "180+1"]
[EndTime "8:40:37 PDT"]
[Termination "RandomNoob04 won by checkmate"]

1. d4 Nf6 2. Nf3 c5 3. e3 g6 4. b3 cxd4 5. exd4 d5 6. Be2 Bg7 7. O-O O-O 8. c4 Nc6 9. Be3 Ng4 10. Nc3 Nxe3 11. fxe3 dxc4 12. bxc4 Bg4 13. Kh1 Qa5 14.
Qb3 Bh6 15. Nd5 Rab8 16. h3 Be6 17. e4 Bg7 18. Rad1 Bd7 19. e5 Bf5 20. Nh4 Be6 21. Nf3 Rfd8 22. Nf4 Bf5 23. Qe3 Qxa2 24. d5 Nb4 25. Nd4 Nc2 26. Nxc2 Qxc2 27. Bd3 Bxd3 28. Qxd3 Qxd3 29. Nxd3 b5 30. c5 Rxd5 31. Nb4 Rxd1 32. Rxd1 Rc8 33. c6 Bxe5 34. Nd5 Bd6 35. c7 Kf8 36.
Rb1 b4 37. Nxb4 Bxb4 38. Rxb4 Rxc7 39. Rb8+ Kg7 40. Ra8 e5 41. Kg1 f5 42. Kf2 e4 43.
Ke3 Kf6 44. h4 Ke5 45. Re8+ Kd6 46. Rh8 Kc5 47. h5 gxh5 48. Rf8 a5 49. Rxf5+ Kb4 50. Rxh5 a4 51. Rh6 Ra7 52. Rb6+ Kc5 53. Rb1 a3 54. Kxe4 a2 55. Ra1 Kc4 56. g4 Kb3 57. Kf5 Kb2 58.
Rh1 a1=Q 59. Rxa1 Kxa1 60. Kg5 Kb2 61. Kh6 Kc3 62. g5 Kd4 63. g6 hxg6 64. Kxg6 Ke5 65. Kh6 Kf5 66. Kh5 Rh7# 0-1

[Event "Early-Titled-Tuesday-Blitz-July-09-2024"]
[Site "Chess.com"]
[Date "2024.07.09"]
[Round "4"]
[White "gau248"]
[Black "TioCridineno"]
[Result "1-0"]
[WhiteElo "2628"]
[BlackElo "2416"]
[TimeControl "180+1"]
[EndTime "8:40:37 PDT"]
[Termination "gau248 won by resignation"]

1. e4 c5 2. Nf3 Nc6 3. d4 cxd4 4. Nxd4 Nf6 5. Nc3 e5 6. Ndb5 d6 7. Bg5 a6 8. Na3 b5 9. Nd5 Be7 10. Bxf6 Bxf6 11. Be2 O-O 12. c3 Bg5 13. O-O Ne7 14. Nc2 Nxd5 15. Qxd5 Be6 16. Qd3 Qc7 17. Nb4 Qc5 18.
Rad1 Rfd8 19. Nd5 Bxd5 20. exd5 g6 21. Kh1 Re8 22. b4 Qc7 23. c4 bxc4 24. Qxc4 Qxc4 25. Bxc4 Rec8 26. Bd3 Rc3 27. a4 f5 28. f3 Be3 29. b5 axb5 30. Bxb5 Bc5 31. Bc6 Ra5 32.
Rb1 Kg7 33. g4 Be3 34. h4 Bf4 35. Rb7+ Kf8 36. Rfb1 Rc1+ 37. Rxc1 Bxc1 38. gxf5 gxf5 39. Rxh7 e4 40. fxe4 fxe4 41. Kg2 Bf4 42. Rh8+ Ke7 43. Re8+ Kf6 44. Rxe4 Kf5 45. Rc4 Ra7 46. Rb4 Ke5 47.
Rb7 Ra5 48. Re7+ Kf6 49. Re6+ Kf7 50. Kf3 Be5 51. Ke4 Rc5 52. h5 Rc4+ 53. Kf5 Rf4+ 54. Kg5 Rf1 55. h6 Rg1+ 56. Kh5 Rh1+ 57. Kg4 Rg1+ 58. Kf3 Rh1 59. Ke4 Rh4+ 60. Kd3 Kf8 61. a5 Ra4 62. Bxa4 1-0

[Event "Early-Titled-Tuesday-Blitz-July-09-2024"]
[Site "Chess.com"]
[Date "2024.07.09"]
[Round "4"]
[White "JunjiCol"]
[Black "Zavgorodniy_Sergiy"]
[Result "0-1"]
[WhiteElo "2357"]
[BlackElo "2658"]
[TimeControl "180+1"]
[EndTime "8:40:39 PDT"]
[Termination "Zavgorodniy_Sergiy won by resignation"]

1. e4 e5 2. Bc4 Nf6 3. d4 d5 4. dxe5 dxc4 5. Qxd8+ Kxd8 6. exf6 gxf6 7. Bf4 b5 8. Nc3 c6 9. O-O-O+ Ke8 10. a4 a6 11.
Nf3 Nd7 12. Rhe1 Nc5 13. e5 f5 14. Nd4 Bd7 15. e6 fxe6 16. Nxf5 Rg8 17. Ng3 Be7 18.
Be3 Nxa4 19. Nxa4 bxa4 20. Rd4 c3 21. bxc3 c5 22. Rdd1 Bc6 23. Bxc5 Bxc5 24. Rxe6+ Kf7 25. Rxc6 Rgc8 26. Rxc8 Rxc8 27. Ne4 Be7 28. Rd7 Ke6 29. Ra7 Rc6 30. Kb2 h5 31. f3 Rb6+ 32. Ka2 a3 33. Ka1 Rb2 34. Rxa6+ Kf7 35. Nd6+ Bxd6 36. Rxd6 Rxc2 37.
Rd3 Rxg2 38. c4 Rxh2 39. Rxa3 h4 40. Ra7+ Ke6 41. Rh7 Ke5 42. c5 Kd5 43. Rh5+ Kc6 44. f4 h3 45. Kb1 Kb5 46. f5 Kxc5 47. f6+ Kd6 48. Rf5 Rh1+ 49. Kb2 h2 50. f7 Rb1+ 51. Kc3 Rc1+ 52. Kb4 Rb1+ 53. Ka5 Ra1+ 54. Kb6 Rb1+ 55. Ka7 Ra1+ 56. Kb8 Ra8+ 57. Kxa8 h1=Q+ 58.
Ka7 Qa1+ 59. Kb8 Qb1+ 60. Rb5 Qxb5+ 61. Kc8 Qd7+ 62. Kb8 Qxf7 0-1

[Event "Early-Titled-Tuesday-Blitz-July-09-2024"]
[Site "Chess.com"]
[Date "2024.07.09"]
[Round "4"]
[White "klauser63"]
[Black "DanLowinger"]
[Result "1-0"]
[WhiteElo "2320"]
[BlackElo "2410"]
[TimeControl "180+1"]
[EndTime "8:40:40 PDT"]
[Termination "klauser63 won by resignation"]

1. e4 c5 2. Nf3 d6 3. d4 cxd4 4.
Nxd4 Nf6 5. Nc3 g6 6. Be3 Bg7 7. f3 O-O 8. Qd2 Nc6 9. O-O-O d5 10. Kb1 Nxd4 11. e5 Nf5 12. exf6 exf6 13. Bc5 Re8 14. Nxd5 Be6 15. Bb5 Rf8 16. Bxf8 Bxf8 17. g4 Nd6 18.
Be2 Rc8 19. h4 Nc4 20. Bxc4 Rxc4 21. Ne3 Qxd2 22. Rxd2 Ra4 23. b3 Ra5 24. Rd8 h5 25. gxh5 Rxh5 26. c4 g5 27. Nd5 Kg7 28. Nxf6 Rxh4 29.
Nh5+ Kg6 30. Rxh4 gxh4 31. Nf4+ Kg7 32. Nxe6+ fxe6 33. Rd4 Be7 34. Kc2 Kg6 35. Re4 Kf5 36. Kd3 Bf6 37. Re1 Be5 38. Rh1 Bg3 39. b4 Kf4 40.
Ke2 Ke5 41. Ke3 Bf4+ 42. Kd3 Bg3 43. c5 Kf4 44. Ke2 Ke5 45. Ke3 Kd5 46. Kd3 Ke5 47. a4 Kd5 48. f4 a5 49. bxa5 Kxc5 50. Rb1 h3 51. Ke4 h2 52. Kf3 Bh4 53. Kg2 Bd8 54. Kxh2 Bxa5 55. Rb5+ Kd4 56. Rxa5 Ke4 57. Rb5 Kxf4 58.
Rxb7 e5 59. a5 e4 60. Re7 e3 61. Rxe3 Kxe3 62. a6 Kf4 63. a7 1-0

[Event "Early-Titled-Tuesday-Blitz-July-09-2024"]
[Site "Chess.com"]
[Date "2024.07.09"]
[Round "4"]
[White "Herzog2012"]
[Black "guillembaches"]
[Result "0-1"]
[WhiteElo "2718"]
[BlackElo "2548"]
[TimeControl "180+1"]
[EndTime "8:40:44 PDT"]
[Termination "guillembaches won on time"]

1. e4 d5 2. exd5 Qxd5 3. Nc3 Qa5 4. d4 Nf6 5. Nf3 Bf5 6. Bc4 e6 7. Bd2 Bb4 8. a3 Bxc3 9. Bxc3 Qb6 10. O-O Nc6 11.
Ne5 Nxe5 12. dxe5 Rd8 13. Qf3 Ne4 14. Bd3 Nxc3 15. bxc3 Bxd3 16. cxd3 O-O 17. d4 c6 18. Rfe1 Rd7 19. Re3 Qb2 20. Rd1 Qxa3 21. Qg4 Qe7 22. f4 a5 23. f5 exf5 24. Qxf5 Qe6 25. Qc2 b5 26. Rh3 h6 27. Rf1 a4 28. Rg3 f5 29.
Qc1 c5 30. h4 cxd4 31. cxd4 Rxd4 32. Qc7 Rd7 33. Qc5 Qd5 34. Qb6 Qxe5 35. Rff3 Rf6 36. Qa5 Kh7 37. Qa8 Rg6 38. Rxg6 Kxg6 39. Qg8 Rd1+ 40.
Rf1 Qe3+ 41. Kh2 Rxf1 42. h5+ Kxh5 43. Qf7+ g6 44. g4+ fxg4 45. Qxf1 Qe5+ 46. Kh1 Qe4+ 47. Kh2 Qf3 48. Qxb5+ g5 49. Qe8+ Kh4 50. Qxa4 Qf2+ 51. Kh1 Qf3+ 52. Kh2 Qh3+ 53. Kg1 Qg3+ 54. Kh1 Qe1+ 55.
Kh2 Qe2+ 56. Kg1 Qe3+ 57. Kg2 h5 0-1

[Event "Early-Titled-Tuesday-Blitz-July-09-2024"]
[Site "Chess.com"]
[Date "2024.07.09"]
[Round "4"]
[White "ilqar_74"]
[Black "Trendle"]
[Result "1/2-1/2"]
[WhiteElo "2903"]
[BlackElo "2664"]
[TimeControl "180+1"]
[EndTime "8:40:46 PDT"]
[Termination "Game drawn - insufficient material"]

1. e4 e6 2. d4 d5 3. Nd2 Be7 4.
Ngf3 Nf6 5. Bd3 c5 6. exd5 Qxd5 7. O-O Nc6 8. dxc5 Bxc5 9. Nb3 Bb6 10. Qe2 O-O 11. Bg5 h6 12. Bxf6 gxf6 13. Rad1 Qh5 14. Nfd2 Qxe2 15. Bxe2 f5 16. Nc4 Bc7 17. Nd6 Rd8 18.
Nxc8 Raxc8 19. c3 b6 20. g3 Rxd1 21. Rxd1 Rd8 22. Rxd8+ Bxd8 23. f4 Kf8 24. Kg2 Ke7 25.
Bb5 Nb8 26. Kf3 a6 27. Bd3 Kd6 28. Nd2 b5 29. h3 Nd7 30. g4 Nc5 31. Bc2 fxg4+ 32.
hxg4 Bf6 33. a3 Bg7 34. Nf1 a5 35. Ne3 Kc6 36. Nf1 b4 37. axb4 axb4 38. cxb4 Na6 39. Be4+ Kb6 40. Bh7 Nxb4 41. Bg8 Bxb2 42. Bxf7 e5 43.
f5 Kc5 44. Ke4 Kd6 45. Ne3 Ke7 46. Bb3 Kf6 47. Nc4 Bd4 48. Nd2 Na6 49. Kd5 Nc7+ 50. Ke4 Nb5 51. Bc4 Nc3+ 52. Kd3 Nd1 53. Ne4+ Kg7 54.
f6+ Kg6 55. f7 Kg7 56. Nd6 Nb2+ 57. Ke4 Nxc4 58. Nxc4 Kxf7 59. Kf5 Kg7 60. Nd2 Be3 61. Ne4 Bf4 62. Nf6 Kf7 63. Nd5 Kg7 64. Nc3 Kf7 65.
Ne2 Kg7 66. Ng1 Kf7 67. Nf3 Kg7 68. Nh4 Kf7 69. Ng6 Kg7 70. Ne7 Kf7 71. Nc6 Kg7 72. Nd8 Bh2 73. Ne6+ Kf7 74. Nc5 Kg7 75. Ne4 Bf4 76. Nf2 Kf7 77. Nh3 Kg7 78. Ng1 Kf7 79.
Nf3 Kg7 80. Nxe5 Bxe5 81. Kxe5 Kg6 82. Kf4 h5 83. gxh5+ Kxh5 1/2-1/2

[Event "Early-Titled-Tuesday-Blitz-July-09-2024"]
[Site "Chess.com"]
[Date "2024.07.09"]
[Round "4"]
[White "Zurability"]
[Black "JosefineHeinemann"]
[Result "0-1"]
[WhiteElo "2674"]
[BlackElo "2511"]
[TimeControl "180+1"]
[EndTime "8:40:46 PDT"]
[Termination "JosefineHeinemann won on time"]

1. e4 c5 2. Nf3 d6 3. Bc4 e6 4. O-O Nf6 5. Nc3 Be7 6. a3 O-O 7. Ba2 Nc6 8. d4 cxd4 9. Nxd4 Bd7 10. Be3 Nxd4 11. Qxd4 Bc6 12. Rad1 Qc7 13. Qd3 a6 14.
Rfe1 Rfd8 15. Bf4 Qb6 16. Bb3 d5 17. exd5 Nxd5 18. Be5 Nxc3 19. Qxc3 Bf8 20. Rd4 Rxd4 21. Bxd4 Qd8 22. Qe3 Qh4 23. c3 Qg4 24. f3 Qh4 25. Bc2 Bd6 26. Be5 Bxe5 27. Qxe5 Rd8 28. Qe2 g6 29. Rd1 Qg5 30. Rxd8+ Qxd8 31. Qd1 Qb6+ 32. Kf1 Qxb2 33. Qd8+ Kg7 34. Qd4+ f6 35. Be4 Bxe4 36. fxe4 Qxa3 37. Qd7+ Kh6 38. Qxb7 Qxc3 39.
Qxa6 Qb3 40. Qd6 Qb1+ 41. Kf2 Qxe4 42. Qf8+ Kg5 43. g3 Qd4+ 44. Kg2 Qd2+ 45. Kf3 Qd3+ 46. Kg2 e5 47. h4+ Kh5 48. Qe7 Qe4+ 49. Kh2 Qe2+ 50.
Kh3 Qg4+ 51. Kg2 Qf5 52. Qxh7+ Kg4 53. Qb7 e4 54. Qb2 Qf3+ 55. Kh2 Qxg3+ 56. Kh1 Qxh4+ 57. Kg1 Qg3+ 58. Kf1 Qf3+ 59. Kg1 e3 60. Qd4+ Kg3 61. Qd6+ Qf4 0-1

[Event "Early-Titled-Tuesday-Blitz-July-09-2024"]
[Site "Chess.com"]
[Date "2024.07.09"]
[Round "4"]
[White "Arimin1329"]
[Black "Tagir45"]
[Result "0-1"]
[WhiteElo "2401"]
[BlackElo "2622"]
[TimeControl "180+1"]
[EndTime "8:40:46 PDT"]
[Termination "Tagir45 won on time"]

1. Nf3 d5 2. d4 Nf6 3. g3 Bf5 4. Bg2 h6 5. c4 e6 6. O-O Be7 7.
Qb3 Qc8 8. Nc3 c6 9. Nd2 O-O 10. e4 dxe4 11. Ndxe4 Nxe4 12. Nxe4 Nd7 13. Bf4 Bxe4 14.
Bxe4 Rd8 15. Rfd1 Bf6 16. Rd2 Bg5 17. Bxg5 hxg5 18. Rad1 Nf6 19. Bg2 Qc7 20. d5 exd5 21.
cxd5 cxd5 22. Bxd5 Nxd5 23. Rxd5 Rxd5 24. Qxd5 Qc2 25. Rd2 Qc1+ 26. Kg2 Re8 27. Qxg5 b6 28. h4 Qc6+ 29. Qd5 Qxd5+ 30. Rxd5 Re2 31. Rb5 g6 32. Kf3 Rc2 33. Ke3 Kg7 34. f3 Kf6 35. g4 Ke6 36. h5 gxh5 37. gxh5 Rh2 38. Kf4 Rg2 39. a3 Kf6 40. b3 Rh2 41. Rf5+ Ke6 42. Rg5 f6 43. Rb5 Ra2 44. a4 Rh2 45. Kg3 Rb2 46. h6 Kf7 47. h7 Kg7 48. Kf4 Kxh7 49. Kf5 Kg7 50. Ke6 Rf2 51. Rf5 Rb2 52. Rxf6 Rxb3 53. Rf7+ Kg6 0-1

[Event "Early-Titled-Tuesday-Blitz-July-09-2024"]
[Site "Chess.com"]
[Date "2024.07.09"]
[Round "4"]
[White "GelmanAlexander"]
[Black "Bauman_Guy"]
[Result "1/2-1/2"]
[WhiteElo "2733"]
[BlackElo "2955"]
[TimeControl "180+1"]
[EndTime "8:40:49 PDT"]
[Termination "Game drawn - insufficient material"]

1. c4 Nf6 2. d3 g6 3. Nf3 Bg7 4. e3 c6 5. Be2 d5 6. Qc2 O-O 7. O-O b5 8. Nbd2 Bb7 9. b3 Nbd7 10. Bb2 Re8 11. Rac1 e5 12. cxd5 cxd5 13. Qc7 Qb8 14.
d4 e4 15. Ne5 Rc8 16. Qxb8 Raxb8 17. Nxd7 Nxd7 18. Bxb5 Nc5 19. dxc5 Bxb2 20. Rc2 Ba3 21. c6 Ba8 22. Ba4 Rb6 23. Nb1 Bd6 24. Rfc1 Kg7 25. Nc3 Ba3 26. Nxd5 Ra6 27. Rd1 Bxc6 28. Ne7 Bxe7 29.
Rdc1 Bxa4 30. Rxc8 Bb5 31. a4 Bd3 32. R1c6 Rxc6 33.
Rxc6 a5 34. f3 Bb4 35. Kf2 f5 36. g4 exf3 37. gxf5 Be4 38. Rc7+ Kf6 39. fxg6 hxg6 40. h4 Bd5 41. Rd7 Bxb3 42. Kxf3 Bxa4 43. Ra7 Bd1+ 44. Kf4 Bd6+ 45. Ke4 Bc2+ 46. Kd5 Bb4 47. e4 Bb3+ 48.
Kd4 Be1 49. Ra6+ Kg7 50. e5 a4 51. Kc5 Bxh4 52. Kd6 Bg3 53. Ra7+ Kh6 54. Ra5 Be1 55.
Ra8 a3 56. e6 Bb4+ 57. Kd7 a2 58. e7 Bxe7 59. Kxe7 Kg5 60. Kd6 Kf4 61. Kc5 g5 62. Kb4 Be6 63. Kc3 g4 64. Kb2 g3 65. Rf8+ Bf5 66.
Rg8 Bg4 67. Rf8+ Ke3 68. Rf1 g2 69. Rg1 Kf2 70. Rxg2+ Kxg2 71. Kxa2 1/2-1/2

[Event "Early-Titled-Tuesday-Blitz-July-09-2024"]
[Site "Chess.com"]
[Date "2024.07.09"]
[Round "4"]
[White "Flaccidmoves"]
[Black "GMG"]
[Result "1/2-1/2"]
[WhiteElo "2582"]
[BlackElo "2816"]
[TimeControl "180+1"]
[EndTime "8:40:49 PDT"]
[Termination "Game drawn - insufficient material"]

1. d4 d5 2. c4 e6 3. g3 c5 4. cxd5 Qxd5 5. Nf3 cxd4 6. Qxd4 Nf6 7. Nc3 Qxd4 8.
Nxd4 a6 9. Bg2 Bc5 10. Nb3 Bb4 11. O-O Nbd7 12. Be3 O-O 13. Rac1 Rb8 14. a3 Be7 15.
Na5 Ng4 16. Bf4 e5 17. Nd5 Bd8 18. Bd2 Ndf6 19. Nxf6+ Nxf6 20. Rfd1 h6 21. Bc3 Bg4 22. Nxb7 Bc7 23. Bb4 Rfc8 24. Kf1 e4 25. Nc5 Be5 26.
b3 a5 27. Bxa5 Bb2 28. Rc2 Bxa3 29. b4 Bxb4 30. Bxb4 Rxb4 31. Rdc1 Bf5 32. e3 g5 33. h3 h5 34. Rc4 Rxc4 35. Rxc4 Kg7 36. Rc3 Re8 37.
Nb3 Ra8 38. Kg1 Ra3 39. Bf1 Be6 40. Rc5 Rxb3 41. Rxg5+ Kh6 42. Re5 Rb1 43. Kg2 Kg6 44. Be2 Rb4 45. g4 hxg4 46. h4 Nd7 47. Rg5+ Kh6 48. Ra5 f6 49. Kg3 Rb6 50. Bxg4 Bxg4 51. Kxg4 Rd6 52. Rh5+ Kg6 53. Ra5 Kf7 54. h5 Re6 55. Kf5 Re5+ 56. Rxe5 Nxe5 57. Kxe4 Ng4 58. f4 Nh6 59. Kd5 Ke7 60. e4 Kf7 61. f5 Ng4 62. Kd6 Ne5 63. Kd5 Kg7 64. Ke6 Ng4 65. h6+ Kxh6 66.
e5 fxe5 67. f6 Nxf6 68. Kxe5 1/2-1/2

[Event "Early-Titled-Tuesday-Blitz-July-09-2024"]
[Site "Chess.com"]
[Date "2024.07.09"]
[Round "4"]
[White "andy07670"]
[Black "ChessSwole"]
[Result "0-1"]
[WhiteElo "2459"]
[BlackElo "2707"]
[TimeControl "180+1"]
[EndTime "8:40:50 PDT"]
[Termination "ChessSwole won by resignation"]

1. e4 e5 2. Nf3 Nc6 3. Bb5 a6 4. Ba4 Nf6 5. d4 exd4 6. O-O b5 7.
e5 Nxe5 8. Nxe5 bxa4 9. Qxd4 Be7 10. Qxa4 O-O 11. Nc3 Rb8 12. a3 Qe8 13. Re1 Bb7 14. Bg5 d6 15. Qxe8 Rfxe8 16. Bxf6 Bxf6 17. Nd7 Rxe1+ 18. Rxe1 Bxc3 19. bxc3 Rd8 20. Rb1 Bc6 21. Rb8 Rxb8 22. Nxb8 Bb7 23. c4 Kf8 24. c5 Ke7 25. c6 Bc8 26. f4 d5 27. Kf2 Kd6 28. Ke3 Kc5 29. h3 f6 30. g4 a5 31. f5 Kc4 32.
h4 Kc3 33. Nd7 d4+ 34. Ke4 Ba6 35. Nc5 Be2 36. Ne6 Bxg4 37. Nxd4 Bh3 38. Ne6 Bg2+ 39.
Ke3 g6 40. fxg6 hxg6 41. Nxc7 Bxc6 42. Ne6 Bd7 43. Nd4 g5 44. hxg5 fxg5 45. Nf3 g4 46.
Ne5 Be6 47. Kf4 Kxc2 48. a4 Kb3 49. Nc6 Kxa4 50. Nd4 Bd7 51. Kg3 Kb4 52. Nc2+ Kc3 53. Ne3 a4 54. Nd5+ Kb2 55. Nb6 a3 56. Nxd7 a2 57.
Kxg4 a1=Q 58. Nc5 Qg1+ 0-1

[Event "Early-Titled-Tuesday-Blitz-July-09-2024"]
[Site "Chess.com"]
[Date "2024.07.09"]
[Round "4"]
[White "patzer-reloaded"]
[Black "zsizsi99"]
[Result "0-1"]
[WhiteElo "2356"]
[BlackElo "2538"]
[TimeControl "180+1"]
[EndTime "8:40:52 PDT"]
[Termination "zsizsi99 won by resignation"]

1. d3 b5 2. Nf3 Bb7 3. g3 g6 4. Bg2 Bg7 5. O-O c5 6. a4 b4 7. Nbd2 Nc6 8. e4 d6 9. Nc4 a5 10. Bf4 e5 11. Be3 Nge7 12. c3 O-O 13. Re1 Ba6 14.
Qc1 Rb8 15. Bh6 f6 16. Bxg7 Kxg7 17. Bh3 d5 18. exd5 Qxd5 19. Qe3 Bxc4 20. dxc4 Qxc4 21. Bf1 Qb3 22. Qxc5 Qxb2 23. cxb4 Qxb4 24. Rec1 Rfc8 25. Qxb4 Nxb4 26. Nd2 Nc2 27. Rab1 Rxb1 28. Rxb1 Nb4 29. Bb5 Ned5 30. Nc4 Nc3 31. Re1 Nxb5 32. Nxa5 Nd4 33. Rb1 Ra8 34. Rxb4 Rxa5 35. f4 Ne2+ 36. Kf2 Nc3 37.
fxe5 fxe5 38. Rb3 Nxa4 39. Ra3 Ra6 40. Ke3 Nc5 41. Rc3 Ne6 42. Ke4 Ra5 43. Rc6 Kf6 44.
Rb6 h5 45. h4 Ra2 46. Rc6 Ra4+ 47. Kd5 Ra3 48. Kd6 Ra5 49. Kd7 Kf5 50. Rxe6 Ra7+ 51.
Kc6 Ra6+ 52. Kb5 Rxe6 53. Kc4 e4 54. Kc3 e3 55. g4+ hxg4 56. Kc2 e2 0-1

[Event "Early-Titled-Tuesday-Blitz-July-09-2024"]
[Site "Chess.com"]
[Date "2024.07.09"]
[Round "4"]
[White "Truequitos"]
[Black "Paladin61"]
[Result "1/2-1/2"]
[WhiteElo "2548"]
[BlackElo "2750"]
[TimeControl "180+1"]
[EndTime "8:40:53 PDT"]
[Termination "Game drawn by repetition"]

1. d4 Nf6 2. Nf3 g6 3. Bf4 Bg7 4. Nc3 d5 5. Qd2 O-O 6. Bh6 Ne4 7. Nxe4 dxe4 8. Bxg7 Kxg7 9. Ne5 b5 10. f3 f6 11.
Ng4 Bxg4 12. fxg4 c5 13. e3 cxd4 14. exd4 Nc6 15. Rd1 Qd5 16. c3 Rab8 17. Qe3 a5 18. g3 e6 19. Bg2 f5 20. b3 a4 21. Rb1 axb3 22. axb3 Na5 23. O-O Nxb3 24. Qg5 Rb7 25. gxf5 exf5 26. Bxe4 Qxe4 27. Rxb3 b4 28. Qf4 Qd5 29.
Rxb4 Rxb4 30. cxb4 Re8 31. Qf2 Qc4 32. Re1 Rxe1+ 33.
Qxe1 Qxd4+ 34. Kg2 Qd5+ 35. Kg1 Kf6 36. Qc3+ Ke6 37.
Kf2 Qa2+ 38. Kg1 Qb1+ 39. Kf2 Qa2+ 40. Kg1 g5 41. Qe3+ Kf6 42. Qd4+ Kg6 43. Qd6+ Kh5 44. Qd1+ Kg6 45. Qd6+ Kh5 46. Qd1+ g4 47. Qd3 Kg6 48. b5 Qa1+ 49. Kf2 Qb2+ 50. Kg1 Kf6 51. Qd6+ Kg5 52. Qd3 Qa1+ 53. Kf2 Qb2+ 54. Kg1 h6 55. Qe3+ Kg6 56. b6 Qb1+ 57. Kf2 Qb2+ 58. Kg1 Qb1+ 59. Kg2 Qb2+ 60. Kg1 1/2-1/2

[Event "Early-Titled-Tuesday-Blitz-July-09-2024"]
[Site "Chess.com"]
[Date "2024.07.09"]
[Round "4"]
[White "AEMEffi"]
[Black "DFeco"]
[Result "1/2-1/2"]
[WhiteElo "2319"]
[BlackElo "2455"]
[TimeControl "180+1"]
[EndTime "8:40:53 PDT"]
[Termination "Game drawn by repetition"]

1. d4 d5 2. c4 c6 3. Nc3 Nf6 4.
e3 a6 5. c5 Bf5 6. Nf3 Nbd7 7.
a4 e5 8. a5 e4 9. Nd2 h6 10.
h3 Be7 11. Be2 O-O 12. g4 Bh7 13. Nf1 Ne8 14. Ng3 g5 15. b4 Ng7 16. Bd2 f5 17.
gxf5 Nxf5 18. Nxf5 Bxf5 19. Bg4 Qe8 20. Bxf5 Rxf5 21.
Qg4 Qg6 22. Ke2 Raf8 23. Raf1 Nf6 24. Qg2 Nh5 25. Be1 Qf7 26. Kd1 Rf3 27. h4 Qg6 28.
hxg5 Bxg5 29. Ne2 Ng7 30. Ng3 Ne6 31. Ne2 R8f7 32. Rfg1 Rg7 33. Qg4 Qf5 34. Qxf5 Rxf5 35. Ng3 Rf3 36. Nh5 Rg6 37. Rg4 Ng7 38. Nxg7 Kxg7 39.
Rh5 Bf6 40. Rxg6+ Kxg6 41. Rh2 h5 42. Ke2 h4 43. Bd2 h3 44. Kf1 Bh4 45. Ke2 Kh5 46.
Kf1 Kg4 47. Ke2 Bxf2 48. Rxf2 Rxf2+ 49. Kxf2 h2 50. Kg2 h1=Q+ 51. Kxh1 Kf3 52. Bc1 Ke2 53. Kg2 Kd1 54. Ba3 Kc2 55. Kf2 Kb3 56. Bc1 Kxb4 57. Ke2 Kxa5 58. Bd2+ Ka4 59. Kd1 Kb3 60. Kc1 Ka2 61. Kc2 Ka3 62. Ba5 Ka4 63. Bc7 Kb4 64. Bb6 a5 65. Kb2 a4 66. Kc2 Kc4 67. Ba5 a3 68. Bc3 a2 69. Ba1 Kb4 70. Bc3+ Kc4 71. Ba1 Kb4 72. Bc3+ Kc4 1/2-1/2

[Event "Early-Titled-Tuesday-Blitz-July-09-2024"]
[Site "Chess.com"]
[Date "2024.07.09"]
[Round "4"]
[White "SuperPower2011"]
[Black "Sam_ChessMood"]
[Result "0-1"]
[WhiteElo "2728"]
[BlackElo "2934"]
[TimeControl "180+1"]
[EndTime "8:40:54 PDT"]
[Termination "Sam_ChessMood won on time"]

1. Nf3 d5 2. d4 Nf6 3. c4 e6 4. Nc3 h6 5. cxd5 exd5 6. Bf4 Bd6 7.
Bxd6 Qxd6 8. e3 O-O 9. Bd3 Bg4 10. h3 Bxf3 11. Qxf3 Nbd7 12. O-O c6 13. a3 Rfe8 14. b4 a5 15. b5 c5 16. dxc5 Nxc5 17. Rfd1 Qe5 18. Rac1 Nb3 19. Rc2 d4 20. Rb2 dxc3 21. Rxb3 Rad8 22. Qxb7 Nd5 23. Qa7 Rc8 24. Bc2 Nf6 25.
Qd4 Qb8 26. Rxc3 Rxc3 27. Qxc3 Qxb5 28. Rb1 Qe2 29. Bd3 Qh5 30. Rb5 Qd1+ 31. Bf1 Ne4 32. Qd3 Qe1 33. Rb2 Qc1 34. Rc2 Qa1 35. Qd4 Qxd4 36. exd4 Rd8 37. Rc4 Nd2 38. Ra4 Rd5 39.
Be2 g6 40. Bf3 Nxf3+ 41. gxf3 Rb5 42. Kf1 Kf8 43. Ke2 Ke7 44. Kd3 Kd6 45. Kc4 Rh5 46. h4 Rxh4 47. Rxa5 Rf4 48. Ra6+ Kc7 49. Ra7+ Kb6 50. Re7 Rxf3 51. d5 Rxf2 52. a4 Rf4+ 53.
Kd3 Kc5 54. a5 Kxd5 55. a6 Ra4 56. a7 f5 0-1

[Event "Early-Titled-Tuesday-Blitz-July-09-2024"]
[Site "Chess.com"]
[Date "2024.07.09"]
[Round "4"]
[White "Vaathi_Coming"]
[Black "juancruzarias"]
[Result "1-0"]
[WhiteElo "2918"]
[BlackElo "2699"]
[TimeControl "180+1"]
[EndTime "8:40:55 PDT"]
[Termination "Vaathi_Coming won on time"]

1. c4 e6 2. Nc3 d5 3. e3 Nf6 4.
Nf3 a6 5. b3 Nbd7 6. Bb2 Bd6 7.
Qc2 dxc4 8. Bxc4 b5 9. Be2 Bb7 10. d3 O-O 11. O-O c5 12. a4 Qb6 13. Rfd1 Rfc8 14.
Ne4 Be7 15. Ng3 Nd5 16. h4 Bf6 17. Ne4 Bxb2 18. Qxb2 N7f6 19. Ne5 bxa4 20. Nc4 Qc7 21. Rxa4 Bc6 22. Raa1 Bb5 23. Bf3 Rab8 24. Nxf6+ Nxf6 25. Rdc1 Rd8 26. Ne5 Bxd3 27. Nxd3 Rxd3 28. Rxa6 Rdxb3 29. Qc2 R3b4 30. g3 c4 31. Rc6 Qe5 32. Rxc4 Rxc4 33. Qxc4 g6 34. Rd1 h5 35. Kg2 Qf5 36. Rd4 Qe5 37.
Rd2 Kg7 38. Qa4 Qc7 39. Rc2 Qe7 40. Qd4 Rd8 41. Qb2 e5 42. Rc4 Qe6 43. Rb4 Rd7 44. Rb6 Qe7 45. Rb5 e4 46. Be2 Rd6 47. Rb7 Rd7 48.
Rb6 Rd6 49. Rb4 Qe6 50. Bc4 Qf5 51. Rb7 Qf3+ 52. Kh2 1-0

[Event "Early-Titled-Tuesday-Blitz-July-09-2024"]
[Site "Chess.com"]
[Date "2024.07.09"]
[Round "4"]
[White "Volodar_Murzin"]
[Black "CrimeFightingSpider07"]
[Result "1-0"]
[WhiteElo "2985"]
[BlackElo "2607"]
[TimeControl "180+1"]
[EndTime "8:40:55 PDT"]
[Termination "Volodar_Murzin won by resignation"]

1. d4 Nf6 2. c4 e6 3. Nc3 d5 4.
cxd5 exd5 5. Bg5 Be7 6. e3 O-O 7. Bd3 b6 8. Nge2 Bb7 9. O-O Nbd7 10. Rc1 h6 11. Bh4 c5 12. Bb1 Re8 13. Re1 Nf8 14. Bg3 Rc8 15. Nf4 Qd7 16. Nd3 Ne4 17. Ne5 Qe6 18.
Bxe4 dxe4 19. d5 Qf5 20. Nc4 Red8 21. d6 Bf6 22. Qa4 Ra8 23. Nb5 Qd7 24. Qb3 Bc6 25. Nc7 Rac8 26. Qa3 Ra8 27. Red1 Ne6 28. Nxa8 Rxa8 29.
b4 b5 30. Ne5 Bxe5 31. Bxe5 c4 32. Qc3 f6 33. Bg3 Qb7 34. d7 Bxd7 35. Rd6 Kf7 36. Rcd1 Be8 37. a4 Rc8 38. a5 a6 39. Rb6 Qa8 40.
Rdd6 Rd8 41. h3 Rxd6 42. Rxd6 Qc8 43. Rd1 Bc6 44. Qd2 Ke8 45. Qd6 Bd7 46. Qb6 c3 47.
Qb8 Qxb8 48. Bxb8 Nd8 49. Rc1 Nc6 50. Bd6 Kf7 51. Rxc3 Ke6 52. Bf8 Ne5 53. Bxg7 Nc6 54. Bf8 Kf7 55. Bc5 Ke6 56. Rc1 f5 57. Rd1 Ne5 58.
Rd6+ Kf7 59. Rxa6 Bc8 60. Rxh6 Nc4 61. a6 1-0